[Event "Titled Tuesday Blitz November 08 Late 2022"]
[White "Storey, Charles H"]
[Black "Besedes, Danilo"]
[WhiteFideId "406686"]
[BlackFideId "946796"]
[WhiteElo "2252"]
[BlackElo "2352"]
[Result "0-1"]
[Round "06"]
[TimeControl "180+1"]
[Date "2022.11.09"]
[WhiteClock "0:00:01"]
[BlackClock "0:00:42"]

1. c4 e5 2. g3 Nc6 3. Bg2 Nf6 4. Nc3 g6 5. e3 Bg7 6. Nge2 O-O 7. O-O d6 8. d4 Bf5 9. d5 Ne7 10. e4 Bd7 11. f3 Nh5 12. Be3 f5 13. c5 a6 14. cxd6 cxd6 15. Qb3 b5 16. Qa3 Qb8 17. b4 Nf6 18. Kh1 Nc8 19. Bg1 Nb6 20. Qc1 Nc4 21. a4 Qb7 22. a5 Rac8 23. Qg5 Qc7 24. Ra2 Qd8 25. Qc1 Qe7 26. h3 Rf7 27. g4 Qf8 28. exf5 gxf5 29. g5 Nh5 30. h4 f4 31. Bf2 h6 32. Qe1 Qe7 33. Ne4 Bf5 34. gxh6 Bxh6 35. Ng1 Kh8 36. Bh3 Qd7 37. Bxf5 Qxf5 38. Bb6 Rg8 39. Rg2 Rfg7 40. Rxg7 Rxg7 41. Qf2 Nf6 42. Nxf6 Qxf6 43. Qh2 Qf5 44. Nh3 Rg3 45. Ng5 Bxg5 46. hxg5+ Kg8 47. Bd8 Rh3 48. Rf2 Ne3 49. Bf6 Qb1+ 0-1


[Site "https://www.chess.com"]

[Event "Titled Tuesday Blitz November 08 Late 2022"]
[White "Suarez Uriel, Adrian"]
[Black "Capp, Stephen"]
[WhiteFideId "22230874"]
[BlackFideId "2027089"]
[WhiteElo "2331"]
[BlackElo "2174"]
[Result "1-0"]
[Round "06"]
[TimeControl "180+1"]
[Date "2022.11.09"]
[WhiteClock "0:02:01"]
[BlackClock "0:00:56"]

1. d4 Nf6 2. c4 e6 3. Nf3 Bb4+ 4. Nbd2 b6 5. a3 Bxd2+ 6. Nxd2 Bb7 7. Qc2 d5 8. b3 O-O 9. Bb2 Nbd7 10. e3 c5 11. Bd3 Rc8 12. O-O b5 13. Rac1 bxc4 14. bxc4 cxd4 15. Bxd4 dxc4 16. Nxc4 Nb6 17. Qb2 Nxc4 18. Bxc4 Bxg2 19. Rfd1 Rxc4 20. Rxc4 Bd5 21. Bxf6 gxf6 22. e4 f5 23. exd5 Qg5+ 24. Kh1 Qh5 25. Rg1+ 1-0


[Site "https://www.chess.com"]

[Event "Titled Tuesday Blitz November 08 Late 2022"]
[White "Svane, Frederik"]
[Black "Andreikin, Dmitry"]
[WhiteFideId "12923044"]
[BlackFideId "4158814"]
[WhiteElo "2466"]
[BlackElo "2736"]
[Result "0-1"]
[Round "06"]
[TimeControl "180+1"]
[Date "2022.11.08"]
[WhiteClock "0:00:01"]
[BlackClock "0:00:07"]

1. e4 c5 2. Nf3 Nc6 3. Bb5 g6 4. O-O Bg7 5. Bxc6 dxc6 6. d3 Nf6 7. a4 O-O 8. Be3 c4 9. Nc3 cxd3 10. cxd3 Ng4 11. Bf4 b6 12. h3 Nf6 13. d4 c5 14. d5 e6 15. d6 Bb7 16. e5 Nd7 17. Re1 a6 18. Ne4 b5 19. Bg5 Qb8 20. Be7 Rc8 21. Nf6+ Bxf6 22. exf6 Bxf3 23. Qxf3 c4 24. Re4 Rc5 25. Rh4 h5 26. Re1 Kh7 27. g4 Qc8 28. gxh5 g5 29. Rg4 Qc6 30. Qxc6 Rxc6 31. axb5 axb5 32. Rxg5 Rg8 33. Rxg8 Kxg8 34. Ra1 b4 35. Ra7 c3 36. bxc3 bxc3 37. Ra1 Kh7 38. Kf1 Kh6 39. Ke2 Kxh5 40. Rc1 Kh4 41. Kd3 Nc5+ 0-1


[Site "https://www.chess.com"]

[Event "Titled Tuesday Blitz November 08 Late 2022"]
[White "Terry, Renato"]
[Black "Makridis, Dimitrios"]
[WhiteFideId "3803457"]
[BlackFideId "25864475"]
[WhiteElo "2577"]
[BlackElo "2272"]
[Result "1-0"]
[Round "06"]
[TimeControl "180+1"]
[Date "2022.11.08"]
[WhiteClock "0:00:19"]
[BlackClock "0:00:06"]

1. e4 c5 2. Nf3 Nf6 3. e5 Nd5 4. c4 Nc7 5. d4 cxd4 6. Nxd4 Nc6 7. Nxc6 bxc6 8. Nc3 g6 9. g3 Bg7 10. Qe2 Ne6 11. Bg2 O-O 12. O-O d6 13. Bxc6 Nd4 14. Qe4 Nxc6 15. Qxc6 Bh3 16. Re1 Rc8 17. Qe4 dxe5 18. b3 e6 19. Ba3 Re8 20. Rad1 Qa5 21. Na4 h5 22. Bb2 Rcd8 23. Bc3 Qc7 24. Nb2 Bf5 25. Qe3 Rd4 26. Bxd4 exd4 27. Qg5 Qa5 28. Na4 Bc2 29. Qd2 Qf5 30. Rc1 Be4 31. Qf4 Qxf4 32. gxf4 Bc6 33. Nc5 Bh6 34. Rcd1 Rd8 35. Nd3 Bf3 36. Rc1 g5 37. c5 gxf4 38. c6 Kf8 39. c7 Rc8 40. Rc5 Ke7 41. Rec1 Be4 42. Rd1 Bf3 43. Rd2 Be4 44. b4 f3 45. Rd1 f5 46. Ne5 d3 47. Nxd3 Rg8+ 48. Kf1 Rc8 49. Ne5 Bf4 50. Ng6+ Kf6 51. Nxf4 Bb7 52. Rd6 Kg5 53. Nxe6+ Kg4 54. Rd8 Ba6+ 55. Ke1 Bb7 56. Rxc8 Bxc8 57. Nd4 1-0


[Site "https://www.chess.com"]

[Event "Titled Tuesday Blitz November 08 Late 2022"]
[White "Thomforde-Toates, Noah"]
[Black "Ansh M Shah"]
[WhiteFideId "30951992"]
[BlackFideId "25033379"]
[WhiteElo "2608"]
[BlackElo "2084"]
[Result "1-0"]
[Round "06"]
[TimeControl "180+1"]
[Date "2022.11.09"]
[WhiteClock "0:01:18"]
[BlackClock "0:00:04"]

1. d4 Nf6 2. Nc3 e6 3. Bf4 d5 4. e3 Be7 5. Nf3 O-O 6. Bd3 c6 7. O-O Nbd7 8. Ne5 Nxe5 9. Bxe5 Bd6 10. f4 Be7 11. Qf3 g6 12. g4 Ne4 13. g5 Nd2 14. Qh3 Nxf1 15. Qh6 f6 16. Bxg6 hxg6 17. Qxg6+ Kh8 18. Qh6+ Kg8 19. g6 Rf7 20. gxf7+ Kxf7 21. Qh5+ Kf8 22. Rxf1 Bd7 23. Rf2 Qe8 24. Qh8+ Kf7 25. Qh7+ Kf8 26. Rg2 Qf7 27. Qh8+ 1-0


[Site "https://www.chess.com"]

[Event "Titled Tuesday Blitz November 08 Late 2022"]
[White "Tokhirjonova, Gulrukhbegim"]
[Black "Musovic, Armin"]
[WhiteFideId "14203626"]
[BlackFideId "939935"]
[WhiteElo "2236"]
[BlackElo "2288"]
[Result "0-1"]
[Round "06"]
[TimeControl "180+1"]
[Date "2022.11.09"]
[WhiteClock "0:00:04"]
[BlackClock "0:00:50"]

1. e4 c6 2. d4 d5 3. e5 c5 4. dxc5 Nc6 5. a3 e6 6. b4 a5 7. b5 Nxe5 8. Be3 Nf6 9. Nd2 Be7 10. Nb3 O-O 11. Nf3 Neg4 12. Bd4 Re8 13. h3 e5 14. hxg4 exd4 15. Be2 a4 16. Nbxd4 Bxc5 17. g5 Ne4 18. Qd3 Qa5+ 19. Kf1 Bd7 20. g3 Qc3 21. Kg2 Qxd3 22. Bxd3 Rac8 23. Rh4 Be7 24. Rah1 h6 25. Bxe4 dxe4 26. Rxe4 hxg5 27. Rhe1 Kf8 28. Ne5 Red8 29. Nxd7+ Rxd7 30. Nf5 Bxa3 31. Rxa4 Bc5 32. Rc4 g6 33. Ne3 Rd2 34. b6 Rxf2+ 35. Kxf2 Bxe3+ 36. Rxe3 Rxc4 37. Re5 Rxc2+ 38. Kf3 Rc3+ 39. Kg4 f6 40. Rd5 Rc4+ 41. Kf3 Rc6 42. Rb5 Ke7 43. Ke4 Kd6 44. Kd4 Rc1 45. Rb3 Rd1+ 46. Ke4 f5+ 47. Ke3 Kc6 48. g4 Rd5 49. Kf3 Re5 50. Rd3 f4 51. Rd8 Re3+ 52. Kf2 Re6 53. Rd3 Rd6 54. Rb3 Rd5 55. Kf3 Re5 56. Kf2 Rc5 57. Rb1 Rb5 58. Re1 Kxb6 59. Re6+ Ka5 60. Rxg6 Rc5 61. Rf6 b5 62. Rf5 Kb4 63. Kf3 Kc4 64. Ke4 b4 0-1


[Site "https://www.chess.com"]

[Event "Titled Tuesday Blitz November 08 Late 2022"]
[White "Vargas, Mauricio"]
[Black "Rose, Felix"]
[WhiteFideId "4404572"]
[BlackFideId "5105722"]
[WhiteElo "2025"]
[BlackElo "2039"]
[Result "1-0"]
[Round "06"]
[TimeControl "180+1"]
[Date "2022.11.09"]
[WhiteClock "0:01:32"]
[BlackClock "0:00:14"]

1. e4 c5 2. Nf3 d6 3. d4 cxd4 4. Nxd4 Nf6 5. Nc3 a6 6. Be2 e5 7. Nb3 Be7 8. O-O Be6 9. Kh1 Nbd7 10. f4 exf4 11. Bxf4 Ne5 12. Nd4 O-O 13. Bg5 Nfd7 14. Bxe7 Qxe7 15. Nf5 Bxf5 16. Rxf5 Nf6 17. Qd4 Rac8 18. Raf1 Nc6 19. Qe3 Nd7 20. Nd5 Qe6 21. Qg3 g6 22. R5f4 Nce5 23. c3 b5 24. Qh4 f5 25. Ne7+ Kg7 26. Nxc8 Rxc8 27. exf5 gxf5 28. Rxf5 Ng6 29. Rf7+ Qxf7 30. Rxf7+ Kxf7 31. Qxh7+ Kf6 32. Qxd7 1-0


[Site "https://www.chess.com"]

[Event "Titled Tuesday Blitz November 08 Late 2022"]
[White "Ventura Bolet, Maxim"]
[Black "Kopacz, Grzegorz"]
[WhiteFideId "22238824"]
[BlackFideId "1109880"]
[WhiteElo "2186"]
[BlackElo "2037"]
[Result "1-0"]
[Round "06"]
[TimeControl "180+1"]
[Date "2022.11.09"]
[WhiteClock "0:00:08"]
[BlackClock "0:00:09"]

1. c4 Nf6 2. Nc3 g6 3. Nf3 Bg7 4. g3 O-O 5. Bg2 c6 6. d4 d5 7. cxd5 cxd5 8. Ne5 Nc6 9. O-O Bf5 10. Nxc6 bxc6 11. Bf4 Qb6 12. Na4 Qa5 13. Be5 Ne4 14. Bxg7 Kxg7 15. Rc1 Rfc8 16. Bxe4 Bxe4 17. b3 h5 18. Rc5 Qc7 19. Qd2 Qd7 20. f3 Bf5 21. Rfc1 h4 22. g4 Be6 23. Qf4 f6 24. R5c3 g5 25. Qe3 Bf7 26. Nc5 Qd6 27. Nb7 Qd7 28. Nc5 Qd6 29. Nd3 a5 30. a4 Rab8 31. Nc5 Rb4 32. Na6 Rb6 33. Nc5 Rb4 34. Nd3 Rb6 35. Qd2 Be8 36. Nc5 Rcb8 37. Qe3 Bf7 38. R1c2 Re8 39. Qc1 e5 40. dxe5 Qxe5 41. Qd2 d4 42. Rd3 Bg6 43. Nd7 Qc7 44. Nxb6 Qxb6 45. Kg2 Bxd3 46. Qxd3 c5 47. Kh3 Re3 48. Qf5 Rxb3 49. Rxc5 Re3 50. Rd5 Re7 51. Qc8 Qb2 52. Rd8 Qxe2 53. Rg8+ Kf7 54. Qf8+ Ke6 55. Qc8+ Kd6 56. Qb8+ Rc7 57. Rd8+ Kc6 58. Qa8+ Kc5 59. Qe4 Qf2 60. Qf5+ Kc4 61. Qc2+ Kb4 62. Qxf2 Ka3 63. Qe2 Rc3 64. Qd2 Rb3 65. Kg2 Rb2 66. Qxb2+ Kxb2 67. Rxd4 Kc3 68. Rd6 Kb4 69. Rxf6 Kxa4 70. Rf5 Kb4 71. Rxg5 a4 72. Rg8 Kb3 73. Ra8 a3 74. Rxa3+ 1-0


[Site "https://www.chess.com"]

[Event "Titled Tuesday Blitz November 08 Late 2022"]
[White "Vlassov, Nikolai"]
[Black "Forgacs, Attila Jr."]
[WhiteFideId "4103360"]
[BlackFideId "773654"]
[WhiteElo "2324"]
[BlackElo "2168"]
[Result "1-0"]
[Round "06"]
[TimeControl "180+1"]
[Date "2022.11.09"]
[WhiteClock "0:00:52"]
[BlackClock "0:00:01"]

1. e4 e5 2. Bc4 Nc6 3. f4 d6 4. Nf3 Bg4 5. O-O Nd4 6. fxe5 Bxf3 7. gxf3 dxe5 8. d3 Bc5 9. Kh1 Nf6 10. f4 exf4 11. Bxf4 Qd7 12. c3 Ne6 13. d4 Nxf4 14. Rxf4 O-O-O 15. e5 Nd5 16. Rf2 Qc6 17. Bxd5 Qxd5+ 18. Qf3 Qxf3+ 19. Rxf3 Be7 20. Rxf7 Kd7 21. Nd2 Ke6 22. Raf1 Rdf8 23. Rxf8 Rxf8 24. Rxf8 Bxf8 25. Kg2 Kd5 26. Kf3 c5 27. Ke3 Be7 28. Kd3 b5 29. b3 cxd4 30. cxd4 g5 31. Ne4 b4 32. Ng3 g4 33. Nf5 Bf8 34. Ne3+ Ke6 35. Ke4 h5 36. d5+ Kf7 37. Kf5 Bc5 38. Ng2 Bg1 39. Nf4 Bxh2 40. Nxh5 g3 41. Nf4 Bg1 42. d6 Be3 43. e6+ Ke8 44. Ng2 Bc5 45. Ke5 Bb6 46. Kd5 Kd8 47. Kc6 Bf2 48. Nh4 Bd4 49. e7+ Ke8 50. Nf5 Bf6 51. d7+ Kf7 52. e8=Q# 1-0


[Site "https://www.chess.com"]

[Event "Titled Tuesday Blitz November 08 Late 2022"]
[White "Wirig, Anthony"]
[Black "Ter-Sahakyan, Samvel"]
[WhiteFideId "615013"]
[BlackFideId "13302531"]
[WhiteElo "2487"]
[BlackElo "2584"]
[Result "1/2-1/2"]
[Round "06"]
[TimeControl "180+1"]
[Date "2022.11.08"]
[WhiteClock "0:01:46"]
[BlackClock "0:01:11"]

1. e4 c6 2. Nc3 d5 3. Nf3 Bg4 4. h3 Bxf3 5. Qxf3 e6 6. d4 Nf6 7. Be2 dxe4 8. Qe3 Be7 9. O-O Nbd7 10. Nxe4 Nxe4 11. Qxe4 O-O 12. Rd1 Bg5 13. Be3 Bxe3 14. Qxe3 Qb6 15. Qb3 Rfd8 16. c3 Nf6 17. Bc4 Rd7 18. Re1 Rad8 19. Re5 Qxb3 20. axb3 a6 21. b4 Rd6 22. Rae1 g6 23. g3 Nd5 24. Kg2 Ra8 25. Ra1 Rad8 26. h4 h5 27. Re2 Kg7 28. Rae1 Ra8 29. Ra1 Rad8 30. Bb3 Nf6 31. Re5 Nd5 32. Re2 Nf6 33. Re5 Nd5 34. Re2 1/2-1/2


[Site "https://www.chess.com"]

[Event "Titled Tuesday Blitz November 08 Late 2022"]
[White "Yanayt, Eugene"]
[Black "Aqib Javaid Butt"]
[WhiteFideId "2020165"]
[BlackFideId "7801262"]
[WhiteElo "2046"]
[BlackElo "1659"]
[Result "1-0"]
[Round "06"]
[TimeControl "180+1"]
[Date "2022.11.09"]
[WhiteClock "0:01:19"]
[BlackClock "0:00:57"]

1. Nf3 d5 2. g3 c6 3. Bg2 Nf6 4. O-O g6 5. d4 Bg7 6. c4 O-O 7. Na3 Bg4 8. b4 Na6 9. Rb1 Nc7 10. Qb3 Ne4 11. Rd1 e6 12. h3 Bxf3 13. Bxf3 f5 14. Bb2 Qe7 15. b5 Rab8 16. Ba1 a6 17. bxc6 bxc6 18. Qxb8 Rxb8 19. Rxb8+ Kf7 20. Nc2 g5 21. Bb2 Kg6 22. Ba3 Qf6 23. Rc8 Qf7 24. Rb1 dxc4 25. Rb7 g4 1-0


[Site "https://www.chess.com"]

[Event "Titled Tuesday Blitz November 08 Late 2022"]
[White "Yano, William Jorge Froes"]
[Black "Lopez Martinez, Josep Manuel"]
[WhiteFideId "2112949"]
[BlackFideId "2212943"]
[WhiteElo "2122"]
[BlackElo "2471"]
[Result "1-0"]
[Round "06"]
[TimeControl "180+1"]
[Date "2022.11.09"]
[WhiteClock "0:00:03"]
[BlackClock "0:00:01"]

1. e4 c5 2. Nf3 d6 3. Bb5+ Nd7 4. Ba4 a6 5. c4 b5 6. cxb5 Nb6 7. bxa6+ Nxa4 8. Qxa4+ Bd7 9. Qc4 Qa5 10. Nc3 Qxa6 11. Qxa6 Rxa6 12. O-O e6 13. d4 cxd4 14. Nxd4 Nf6 15. Be3 Be7 16. Rfb1 O-O 17. Nde2 Rc8 18. f3 Raa8 19. a4 d5 20. b4 dxe4 21. fxe4 Rc4 22. b5 Nxe4 23. Nxe4 Rxe4 24. Kf2 f5 25. a5 e5 26. Nc3 Rxe3 27. Kxe3 Bc5+ 28. Ke2 Bd4 29. Ra3 f4 30. Ne4 Bg4+ 31. Kd3 Rd8 32. Ra4 Bf5 33. Re1 Bf2+ 34. Ke2 Bxe1 35. Kxe1 Bg4 36. h3 Bf5 37. b6 Rb8 38. Nc5 e4 39. a6 e3 40. a7 Rd8 41. a8=Q Rxa8 42. Rxa8+ Kf7 43. b7 f3 44. b8=Q f2+ 45. Ke2 1-0


[Site "https://www.chess.com"]

[Event "Titled Tuesday Blitz November 08 Late 2022"]
[White "Yuan, Qingyu"]
[Black "Salman, Pavel"]
[WhiteFideId "8609772"]
[BlackFideId "24153753"]
[WhiteElo "2359"]
[BlackElo "2187"]
[Result "1-0"]
[Round "06"]
[TimeControl "180+1"]
[Date "2022.11.09"]
[WhiteClock "0:00:18"]
[BlackClock "0:00:01"]

1. e4 c5 2. Nf3 e6 3. b3 Nc6 4. Bb2 d5 5. Bb5 Qb6 6. Bxc6+ bxc6 7. O-O Ne7 8. Re1 d4 9. d3 Ng6 10. e5 Be7 11. Nbd2 Qc7 12. a4 O-O 13. Nf1 f6 14. Ng3 fxe5 15. Ne4 Bd7 16. Ba3 Rf4 17. g3 Rf5 18. Nfd2 Raf8 19. Rf1 R8f7 20. Qg4 Qd8 21. Rae1 Qf8 22. Nc4 Kh8 23. Re2 Rf3 24. Kg2 R3f5 25. f3 Kg8 26. Ref2 Kh8 27. Bc1 Bd8 28. Ncd6 Be7 29. Nxf7+ Qxf7 30. Bg5 Bf8 31. Bd2 h5 32. Qh3 Kg8 33. g4 hxg4 34. fxg4 Rf4 35. Qg3 Rxf2+ 36. Rxf2 Qe8 37. h4 Be7 38. g5 Qb8 39. h5 Nf8 40. Qg4 Qe8 41. g6 Bc8 42. Rf7 1-0


[Site "https://www.chess.com"]

[Event "Titled Tuesday Blitz November 08 Late 2022"]
[White "Zakhartsov, Vladimir"]
[Black "Sarana, Alexey"]
[WhiteFideId "4145097"]
[BlackFideId "24133795"]
[WhiteElo "2525"]
[BlackElo "2708"]
[Result "0-1"]
[Round "06"]
[TimeControl "180+1"]
[Date "2022.11.08"]
[WhiteClock "0:00:02"]
[BlackClock "0:00:08"]

1. e4 c5 2. Nf3 d6 3. d4 cxd4 4. Nxd4 Nf6 5. Nc3 a6 6. Bg5 e6 7. f4 Qb6 8. a3 Nc6 9. Nb3 Qe3+ 10. Qe2 Ng4 11. Nd1 Qxe2+ 12. Bxe2 Nf6 13. Nc3 Be7 14. O-O-O b5 15. Bf3 Bb7 16. Nd4 Rc8 17. Rhe1 Nxd4 18. Rxd4 h6 19. Bxf6 gxf6 20. e5 Bxf3 21. exd6 Bxd6 22. Rxd6 Bc6 23. Nd5 f5 24. Ne3 Kf8 25. g4 fxg4 26. Nxg4 Ke7 27. Rd3 Rhg8 28. Ne5 Rg2 29. Rd2 Rxd2 30. Kxd2 Bd5 31. c3 Rg8 32. Re2 Rg1 33. Re1 Rg8 34. Re2 f6 35. Nd3 Rg4 36. Rf2 Kd6 37. Nb4 Bb7 38. Nc2 Rh4 39. Ne3 Be4 40. c4 Rh3 41. b4 bxc4 42. Nxc4+ Kd5 43. Ne3+ Kd4 44. Ng4 Rxa3 45. Nxf6 Bd3 46. Ng4 h5 47. Ne5 Bb5 48. Nf3+ Kc4 49. Ne5+ Kxb4 50. Rf3 Ra2+ 51. Kc1 Rxh2 52. f5 exf5 53. Rxf5 Kc3 54. Rf3+ Kd4 55. Ng6 Ke4 56. Rf4+ Ke3 57. Rb4 Bd3 0-1


[Site "https://www.chess.com"]

[Event "Titled Tuesday Blitz November 08 Late 2022"]
[White "Zeynalli, Rashad"]
[Black "Wartiovaara, Oliver"]
[WhiteFideId "13403320"]
[BlackFideId "513024"]
[WhiteElo "2125"]
[BlackElo "2213"]
[Result "1/2-1/2"]
[Round "06"]
[TimeControl "180+1"]
[Date "2022.11.09"]
[WhiteClock "0:00:20"]
[BlackClock "0:00:37"]

1. d4 Nf6 2. Bf4 g6 3. e3 Bg7 4. Nf3 O-O 5. Be2 d6 6. O-O Nc6 7. h3 e5 8. dxe5 Ne4 9. Nbd2 Nxd2 10. Qxd2 dxe5 11. Qxd8 Rxd8 12. Bg5 Re8 13. Rfd1 e4 14. Nd4 Nxd4 15. exd4 c6 16. c4 h6 17. Be3 Rd8 18. Rac1 Be6 19. b4 a6 20. a4 f5 21. h4 Kh7 22. g3 Bf6 23. d5 cxd5 24. cxd5 Bxd5 25. Rc7+ Kh8 26. Bxh6 Bc6 27. Rxd8+ Rxd8 28. b5 axb5 29. axb5 Bd5 30. Be3 Be5 31. Rc5 Kg7 32. b6 Rd7 33. Bb5 Rd6 34. Rc7+ Kg8 35. Bc5 Rd8 36. Re7 Bd6 37. Bxd6 Rxd6 38. Re5 Kf7 39. Rxd5 Rxd5 40. Bc4 Ke6 41. f3 exf3 42. Kf2 Ke5 43. Bxd5 Kxd5 44. Kxf3 Kc6 45. g4 fxg4+ 46. Kxg4 Kxb6 47. Kg5 Kc5 48. Kxg6 b5 49. h5 b4 50. h6 b3 51. h7 b2 52. h8=Q b1=Q+ 53. Kg7 Qb2+ 1/2-1/2


[Site "https://www.chess.com"]

[Event "Titled Tuesday Blitz November 08 Late 2022"]
[White "Zhigalko, Sergei"]
[Black "Mendonca, Mateus Nakajo"]
[WhiteFideId "13502956"]
[BlackFideId "2110954"]
[WhiteElo "2662"]
[BlackElo "2310"]
[Result "1-0"]
[Round "06"]
[TimeControl "180+1"]
[Date "2022.11.08"]
[WhiteClock "0:00:03"]
[BlackClock "0:00:01"]

1. e4 e5 2. Nf3 Nf6 3. d4 Nxe4 4. Bd3 Nc6 5. d5 Nf6 6. dxc6 e4 7. cxb7 Bxb7 8. Be2 exf3 9. Bxf3 Bxf3 10. Qxf3 Be7 11. O-O O-O 12. Rd1 d5 13. c4 c6 14. Nc3 d4 15. Qxc6 Rc8 16. Qa4 Qb6 17. Nd5 Nxd5 18. cxd5 Bc5 19. a3 Qd6 20. Qb3 Rfe8 21. Bd2 Re2 22. Rac1 Rce8 23. Qf3 d3 24. Qxd3 Rxf2 25. Kh1 h6 26. Be1 Rfe2 27. Bg3 Qf6 28. Rxc5 Qxb2 29. Rg1 1-0


[Site "https://www.chess.com"]

[Event "Titled Tuesday Blitz November 08 Late 2022"]
[White "Zhu, Jiner"]
[Black "Veiga, Jose Francisco R P Neves"]
[WhiteFideId "8608059"]
[BlackFideId "1930087"]
[WhiteElo "2384"]
[BlackElo "2320"]
[Result "0-1"]
[Round "06"]
[TimeControl "180+1"]
[Date "2022.11.09"]
[WhiteClock "0:00:06"]
[BlackClock "0:00:12"]

1. c4 Nf6 2. Nc3 d5 3. cxd5 Nxd5 4. e4 Nxc3 5. bxc3 g6 6. Bc4 Bg7 7. d4 O-O 8. Ne2 Nc6 9. Be3 b6 10. Rc1 Bb7 11. Bd3 e5 12. d5 Ne7 13. O-O c6 14. c4 cxd5 15. cxd5 Nc8 16. a4 Nd6 17. Qb3 Qd7 18. Nc3 Rfc8 19. Nb5 Bf8 20. Rxc8 Nxc8 21. Rc1 Nd6 22. Rc7 Qd8 23. Qc2 Rc8 24. Rxc8 Nxc8 25. f4 exf4 26. Bxf4 Bc5+ 27. Kh1 a6 28. Nc3 Qf6 29. Bg3 Qd4 30. Ne2 Qa1+ 31. Qb1 Qxa4 32. h3 Nd6 33. Nc3 Qd4 34. e5 Nc4 35. Bxc4 Qxc4 0-1


[Site "https://www.chess.com"]

[Event "Titled Tuesday Blitz November 08 Late 2022"]
[White "Adewumi, Tanitoluwa"]
[Black "Fier, Alexandr"]
[WhiteFideId "30966396"]
[BlackFideId "2107139"]
[WhiteElo "2556"]
[BlackElo "2617"]
[Result "0-1"]
[Round "07"]
[TimeControl "180+1"]
[Date "2022.11.08"]
[WhiteClock "0:00:02"]
[BlackClock "0:02:01"]

1. e4 e5 2. Nf3 Nc6 3. Nc3 d6 4. d4 exd4 5. Nxd4 Nf6 6. Be2 Be7 7. O-O O-O 8. Be3 Bd7 9. f4 Re8 10. h3 Bf8 11. Bf3 Nxd4 12. Bxd4 Bc6 13. Re1 Nd7 14. Qd2 Nc5 15. Rad1 Qh4 16. Bf2 Qf6 17. e5 dxe5 18. fxe5 Rxe5 19. Rxe5 Qxe5 20. Bxc6 bxc6 21. Re1 Qf5 22. Qe2 Ne6 23. Qe4 Qxe4 24. Nxe4 Rd8 25. b3 a6 26. Kf1 g6 27. g4 Be7 28. Bg3 Rd7 29. Be5 f5 30. gxf5 gxf5 31. Ng3 Bh4 32. Re2 Bxg3 33. Bxg3 Kf7 34. Be5 Rd5 35. c4 Rd3 36. Rf2 Rxh3 37. Rxf5+ Ke7 38. Kg2 Rh6 39. Bg3 Rg6 40. Rh5 Nf4+ 0-1


[Site "https://www.chess.com"]

[Event "Titled Tuesday Blitz November 08 Late 2022"]
[White "Al-Tarboush, Ward"]
[Black "Svane, Frederik"]
[WhiteFideId "7601450"]
[BlackFideId "12923044"]
[WhiteElo "2273"]
[BlackElo "2466"]
[Result "0-1"]
[Round "07"]
[TimeControl "180+1"]
[Date "2022.11.08"]
[WhiteClock "0:00:02"]
[BlackClock "0:00:05"]

1. e4 c5 2. Nf3 e6 3. d4 cxd4 4. Nxd4 Nc6 5. Nc3 a6 6. Be3 Nf6 7. Nxc6 bxc6 8. e5 Nd5 9. Nxd5 cxd5 10. Bd3 d6 11. f4 dxe5 12. fxe5 Qh4+ 13. g3 Qb4+ 14. Qd2 Rb8 15. O-O Qxd2 16. Bxd2 Bc5+ 17. Kg2 Rxb2 18. Rab1 Rxb1 19. Rxb1 Kd7 20. Rb8 Kc7 21. Rb3 Bd4 22. Ba5+ Kd7 23. Bc3 Bxc3 24. Rxc3 Bb7 25. Rb3 Kc7 26. Rc3+ Kb6 27. Rb3+ Ka7 28. Rb4 f6 29. exf6 gxf6 30. Rh4 h6 31. Kf2 Kb6 32. Rg4 Kc5 33. Rg6 Rf8 34. Rxh6 e5 35. Bf5 Kd4 36. h4 Bc8 37. Bg6 Bg4 38. Rh7 Rc8 39. Rb7 e4 40. Rb4+ Kc3 41. Rb3+ Kd2 42. h5 Rh8 43. c4 dxc4 44. Ra3 f5 45. Rxa6 e3+ 46. Kg2 f4 47. Rd6+ Kc3 48. gxf4 Bxh5 49. Bf5 e2 50. Kf2 Re8 51. Re6 Rxe6 52. Bxe6 Kd2 0-1


[Site "https://www.chess.com"]

[Event "Titled Tuesday Blitz November 08 Late 2022"]
[White "Alexikov, Alexander"]
[Black "Souleidis, Georgios"]
[WhiteFideId "14103958"]
[BlackFideId "4206827"]
[WhiteElo "2222"]
[BlackElo "2401"]
[Result "0-1"]
[Round "07"]
[TimeControl "180+1"]
[Date "2022.11.09"]
[WhiteClock "0:00:28"]
[BlackClock "0:00:31"]

1. e4 c5 2. Nf3 e6 3. Nc3 Nc6 4. d4 cxd4 5. Nxd4 Nf6 6. Nxc6 bxc6 7. Bd3 d5 8. O-O Be7 9. Qe2 O-O 10. Kh1 a5 11. b3 Qb6 12. Na4 Qc7 13. e5 Nd7 14. f4 c5 15. c4 Bb7 16. Bd2 d4 17. Qh5 g6 18. Qe2 Rfe8 19. Rae1 Bf8 20. Bc2 Nb6 21. Nb2 a4 22. Nd3 axb3 23. axb3 Ra2 24. Bb1 Ra1 25. Nf2 Rea8 26. Ne4 Nd7 27. Rf3 Bc6 28. Rh3 Qb7 29. Bd3 Rxe1+ 30. Qxe1 Ra2 31. Rf3 Rxd2 32. Nxd2 Bxf3 33. gxf3 Bh6 34. Be4 Qb4 35. Nf1 Qxe1 0-1


[Site "https://www.chess.com"]

[Event "Titled Tuesday Blitz November 08 Late 2022"]
[White "Andreikin, Dmitry"]
[Black "Melkumyan, Hrant"]
[WhiteFideId "4158814"]
[BlackFideId "13302485"]
[WhiteElo "2736"]
[BlackElo "2604"]
[Result "1-0"]
[Round "07"]
[TimeControl "180+1"]
[Date "2022.11.08"]
[WhiteClock "0:00:15"]
[BlackClock "0:00:37"]

1. e4 c5 2. Nc3 Nc6 3. Bb5 g6 4. Bxc6 dxc6 5. d3 Bg7 6. Be3 b6 7. Qd2 e5 8. Nge2 Qe7 9. O-O Be6 10. f4 exf4 11. Bxf4 h6 12. e5 g5 13. Bg3 f5 14. exf6 Nxf6 15. Be5 O-O 16. Ng3 Ne4 17. Qe3 Bxe5 18. Qxe4 Bd4+ 19. Kh1 Rxf1+ 20. Rxf1 Rf8 21. Rxf8+ Kxf8 22. Qxc6 Kg7 23. Nce4 Qf7 24. c3 Be5 25. Nd6 Qf2 26. Qb7+ Kg8 27. Qa8+ Kh7 28. Qe4+ Kg8 29. Qxe5 Bxa2 30. h3 Qxb2 31. Kh2 Qf2 32. Nh5 Qf8 33. Nf6+ Kh8 34. Nf5 Qf7 35. c4 Qf8 36. Nd7+ 1-0


[Site "https://www.chess.com"]

[Event "Titled Tuesday Blitz November 08 Late 2022"]
[White "Ansh M Shah"]
[Black "Alfaro, William"]
[WhiteFideId "25033379"]
[BlackFideId "6100457"]
[WhiteElo "2084"]
[BlackElo "2096"]
[Result "1-0"]
[Round "07"]
[TimeControl "180+1"]
[Date "2022.11.09"]
[WhiteClock "0:02:25"]
[BlackClock "0:02:03"]

1. d4 Nf6 2. c4 g6 3. h4 h5 4. Nc3 d6 5. e4 Bg7 6. Be2 Nc6 7. Nf3 O-O 8. d5 Ne5 9. Nxe5 dxe5 10. Be3 c6 11. f3 cxd5 12. cxd5 e6 13. dxe6 Bxe6 14. O-O Qxd1 15. Rfxd1 Rfd8 16. b3 Rxd1+ 17. Rxd1 Rc8 18. Rc1 a6 19. Na4 Rxc1+ 20. Bxc1 Nd7 21. Be3 Bf8 22. Kf2 Be7 23. g3 Kf8 24. Ke1 f5 25. exf5 gxf5 26. f4 exf4 27. Bxf4 Bf7 28. Bd3 Bg6 29. Kd2 Bf6 30. Nc3 Nb6 31. Be3 Nd7 32. Ne2 Be5 33. Bf4 Bf6 34. Bd6+ Ke8 35. Nf4 1-0


[Site "https://www.chess.com"]

[Event "Titled Tuesday Blitz November 08 Late 2022"]
[White "Aqib Javaid Butt"]
[Black "Simonovic, Miroslav"]
[WhiteFideId "7801262"]
[BlackFideId "919152"]
[WhiteElo "1659"]
[BlackElo "2043"]
[Result "1-0"]
[Round "07"]
[TimeControl "180+1"]
[Date "2022.11.09"]
[WhiteClock "0:00:38"]
[BlackClock "0:01:01"]

1. d4 Nf6 2. e3 c5 3. Nf3 b6 4. Be2 Bb7 5. O-O g6 6. Ne5 d6 7. Bf3 Bxf3 8. Nxf3 Bg7 9. c4 O-O 10. Nc3 Nbd7 11. d5 a6 12. e4 Qc7 13. Be3 h6 14. Qc1 Kh7 15. Ne1 Ng4 16. Nd3 Nxe3 17. Qxe3 Rae8 18. Ne2 b5 19. b3 Bxa1 20. Rxa1 bxc4 21. bxc4 e5 22. Rf1 f5 23. f4 exf4 24. Nexf4 Rxe4 25. Qg3 Rf6 26. Ne6 Rexe6 27. dxe6 Rxe6 28. Nf4 Rf6 29. Nd5 Qd8 30. Nxf6+ Nxf6 31. Qb3 Qc7 32. Rb1 Ne4 33. Qb7 Qxb7 34. Rxb7+ Kg8 35. Ra7 Nd2 36. Rxa6 Nxc4 37. Ra8+ Kf7 38. a4 Ke6 39. a5 Kd5 40. a6 Kc6 41. Rb8 Nb6 42. a7 c4 43. Rxb6+ Kxb6 44. a8=Q Kc5 45. Kf2 d5 46. Ke2 Kd4 47. Kd2 f4 48. Qa7+ Ke4 49. Kc3 f3 50. Qd4+ Kf5 51. gxf3 g5 52. Qxd5+ Kf4 53. Qe4# 1-0


[Site "https://www.chess.com"]